 Dungeon Crawl Stone Soup version 0.27-a0-1513-g2aaa0cc67b (webtiles) character file.

Game seed: 149208660513108089

46 blackman the Skirmisher (level 3, 27/29 HPs)
             Began as a Human Monk on July 9, 2021.
             Was a Believer of Kikubaaqudgha.
             Quit the game on level 2 of the Dungeon.
             The game lasted 00:03:07 (1399 turns).

blackman the Skirmisher (Human Monk)                Turns: 1399, Time: 00:03:08

Health: 27/29      AC:  5    Str: 12    XL:     3   Next: 95%
Magic:  3/3        EV: 11    Int: 10    God:    Kikubaaqudgha [**....]
Gold:   76         SH:  0    Dex: 15    Spells: 2/2 levels left

rFire    . . .     SeeInvis .   a - +0 hand axe
rCold    . . .     Faith    .   (no shield)
rNeg     . . .     Spirit   .   d - +0 ring mail
rPois    .         Reflect  .   (no helmet)
rElec    .         Harm     .   (no cloak)
rCorr    .         Rampage  .   (no gloves)
Will     .....                  (no boots)
Stlth    +.........             (no amulet)
HPRegen  0.09/turn              (no ring)
MPRegen  0.08/turn              (no ring)

@: no status effects
A: no striking features
a: Renounce Religion, Receive Corpses


You were on level 2 of the Dungeon.
You worshipped Kikubaaqudgha.
Kikubaaqudgha was pleased with you.
You visited 1 branch of the dungeon, and saw 2 of its levels.

You collected 76 gold pieces.

Inventory:

Hand Weapons
 a - a +0 hand axe (weapon)
Armour
 b - a +0 robe
 d - a +0 ring mail (worn)
Magical Staves
 c - a staff of conjuration
Scrolls
 e - a scroll of fear {unknown}
 f - a scroll of enchant weapon {unknown}


   Skills:
 + Level 3.5 Fighting
 + Level 3.5 Axes
 * Level 0.3 Armour
 - Level 3.5 Dodging
 - Level 2.0 Stealth


You had 2 spell levels left.
You didn't know any spells.
Your spell library contained the following spells:

 Spells                   Type           Power      Damage    Failure   Level
 Pain                     Necr           0%         1d4       65%         1
 Corpse Rot               Necr/Air       N/A        N/A       78%         2
 Sublimation of Blood     Necr           0%         N/A       78%         2
 Vampiric Draining        Necr           0%         2d6       95%         3


Dungeon Overview and Level Annotations

Branches:
Dungeon (2/15)

Altars:
Kikubaaqudgha


Message History

You hit the worm.
The worm is severely wounded.
You hit the worm but do no damage.
The worm is severely wounded.
The worm bites you.
You hit the worm but do no damage.
The worm is severely wounded.
The worm bites you.
You hit the worm.
The worm is almost dead.
The worm barely misses you.
You barely miss the worm.
The worm is severely wounded.
You slash the worm!
You kill the worm!
Key pressed, stopping explore.
You now have 76 gold pieces (gained 9).
A goblin comes into view. It is wielding a +0 club.
The goblin shouts!
Found a faded altar of an unknown god.
Found an escape hatch in the floor.
A goblin is nearby!
You barely miss the goblin.
The goblin hits you but does no damage. x2
You hit the goblin.
The goblin is heavily wounded.
The goblin hits you with a +0 club.
You hit the goblin.
You kill the goblin!
No target in view!
You see here a +0 club.
There is a faded altar of an unknown god here.
You cannot tell which god this altar belongs to.
Convert to them anyway?
Okay, then.
You cannot tell which god this altar belongs to.
Convert to them anyway?
Kikubaaqudgha accepts your prayer! Kikubaaqudgha welcomes you!
You can now receive cadavers from Kikubaaqudgha.
Kikubaaqudgha grants you a gift!
You add the spells Pain, Sublimation of Blood, Corpse Rot and Vampiric Draining to your library.
Kikubaaqudgha is now protecting you from necromantic miscasts and death curses.
Are you sure you want to abandon this character and quit the game? (Confirm with "yes".)

##.# ##..## #....#
#......####
##...#......##
######...##.......#
#.......# #.......#
#....@_># #.....).#
#...)...# #......#####
#.####...##...........
#....##...#.###.######
#.....##....# #.#
#.....# #...# #.#
#..†..# #..# #.######
####..# #>## #.......
########..####.#
#..#####


There were no monsters in sight!

Vanquished Creatures
  An adder (D:2)
  A worm (D:2)
  A dart slug (D:1)
  2 endoplasms (D:1)
  3 giant cockroaches (D:1)
  4 goblins
  A hobgoblin (D:1)
  4 jackals (D:1)
  A quokka (D:1)
  4 bats
  A frilled lizard (D:1)
  5 kobolds
  2 rats
30 creatures vanquished.

Notes
Turn   | Place    | Note
-------+----------+-------------------------------------------
     0 | D:1      | blackman the Human Monk began the quest for the Orb.
     0 | D:1      | Reached XP level 1. HP: 18/18 MP: 1/1
   143 | D:1      | Reached XP level 2. HP: 14/24 MP: 2/2
   478 | D:1      | Reached XP level 3. HP: 29/29 MP: 3/3
  1387 | D:2      | Found a faded altar of an unknown god.
  1397 | D:2      | Became a worshipper of Kikubaaqudgha
  1397 | D:2      | Reached * piety under Kikubaaqudgha
  1397 | D:2      | Received a gift from Kikubaaqudgha
  1397 | D:2      | Reached ** piety under Kikubaaqudgha
  1399 | D:2      | Quit the game

Illustrated notes

Levels and vault maps discovered:
D:1:      kennysheep_arrival_seaside, layout_rooms, minmay_misc_feat_tower
D:2:      layout_loops_ring, hellmonk_ecumenical_altar_crossroads

Action                   || total
-------------------------++-------
Melee: Hand axe          ||   137
 Stab: Sleeping          ||     1
Armor: Ring mail         ||    66
Dodge: Dodged            ||   106

Table legend: (Time is in decaauts)
 A = Elapsed time spent in this place.
 B = Non-inter-level travel time spent in this place.
 C = Inter-level travel time spent in this place.
 D = Time resting spent in this place.
 E = Time spent auto-exploring this place.
 F = Levels seen in this place.
 G = Mean time per level.
                   A        B        C        D        E       F      G
               +--------+--------+--------+--------+--------+-----+--------+
         Total |   1420 |   1302 |    118 |      0 |   1017 |   2 |  710.0 |
       Dungeon |   1420 |   1302 |    118 |      0 |   1017 |   2 |  710.0 |
               +--------+--------+--------+--------+--------+-----+--------+

Top non-repeatable levels by time:
     D:1: 873 daAuts
     D:2: 547 daAuts
